 Dungeon Crawl Stone Soup version 0.28.0-45-g0d030f2227 (webtiles) character file.

Game seed: 9398533365097189199

77 pkoi the Chiller (level 3, -1/26 HPs)
             Began as a Demigod Ice Elementalist on Apr 6, 2022.
             Slain by a gnoll
             ... wielding a +0 halberd
              (10 damage)
             ... on level 3 of the Dungeon.
             The game lasted 00:03:02 (3694 turns).

pkoi the Chiller (Demigod Ice Elementalist)         Turns: 3694, Time: 00:03:03

Health: -1/26      AC:  2    Str:  9    XL:     3   Next: 92%
Magic:  4/8        EV: 12    Int: 21    God:
Gold:   23         SH:  0    Dex: 14    Spells: 1/5 levels left

rFire   + . .      SeeInvis .   e - +0 dagger
rCold   . . .      Faith    .   (no shield)
rNeg    . . .      Spirit   .   a - +0 robe
rPois   .          Reflect  .   (no helmet)
rElec   .          Harm     .   (no cloak)
rCorr   .          Rampage  .   (no gloves)
Will    .....                   (no boots)
Stlth   ++........              (no amulet)
HPRegen 0.08/turn               i - ring of protection from fire
MPRegen 0.11/turn               (no ring)

@: freezing walls
A: high MP 1, forlorn, divine attributes
a: no special abilities


You were on level 3 of the Dungeon.
You visited 1 branch of the dungeon, and saw 3 of its levels.

You collected 23 gold pieces.

Inventory:

Hand Weapons
 e - a +0 dagger (weapon)
Armour
 a - a +0 robe (worn)
Jewellery
 i - a ring of protection from fire (left hand)
Scrolls
 b - a scroll of fog {unknown}
 f - a scroll of enchant armour {unknown}
 g - 2 scrolls of fear {unknown}
 j - a scroll of holy word {unknown}
 k - a scroll of blinking {unknown}
Potions
 c - a potion of brilliance {unknown}
 d - a potion of curing {unknown}
 h - a potion of ambrosia {unknown}
 l - a potion of cancellation {unknown}


   Skills:
 - Level 1.7 Dodging
 - Level 1.7 Stealth
 - Level 1.7 Spellcasting
 + Level 5.2 Ice Magic


You had one spell level left.
You knew the following spells:

 Your Spells              Type           Power      Damage    Failure   Level
a - Freeze                Ice            92%        1d10      1%          1
b - Frozen Ramparts       Ice            46%        1d6       5%          3

Your spell library contained the following spells:

 Spells                   Type           Power      Damage    Failure   Level
 Ozocubu's Armour         Ice            23%        N/A       5%          3
 Hailstorm                Conj/Ice       12%        3d5       45%         4


Dungeon Overview and Level Annotations

Branches:
Dungeon (3/15)

Shops:
D:3 (

Annotations:
D:3 2 runed translucent doors


Innate Abilities, Weirdness & Mutations

You have an increased reservoir of magic. (+10% MP)
You shall have no god before yourself.
Your divine heritage dramatically boosts your attributes as you level up.


Message History

You barely miss the hobgoblin. The hobgoblin hits you.
* * * LOW HITPOINT WARNING * * *
The orc wizard hits you with a +0 dagger.
* * * LOW HITPOINT WARNING * * *
A gnoll comes into view. It is wielding a +0 whip.
The orc closely misses you. x2; Something hits you but does no damage.
Unknown command.
You feel less confused. The orc hits you with a +0 war axe.
* * * LOW HITPOINT WARNING * * *
The orc hits you with a +0 club.
* * * LOW HITPOINT WARNING * * *
Unknown command.
Casting: Freeze (safe; 1% risk of failure)
Confirm with . or Enter, or press ? or * to list all spells.
The spell is quite dangerous to miscast (5% risk of failure)!
Continue anyway?
Okay, then.
Unknown command.
Casting: Frozen Ramparts (quite dangerous; 5% risk of failure)
Confirm with . or Enter, or press ? or * to list all spells.
The spell is quite dangerous to miscast (5% risk of failure)!
Continue anyway?
Casting: Frozen Ramparts (quite dangerous; 5% risk of failure)
Press: ? - help, Dir - look around, f - activate The walls around you are covered in ice.
The gnoll shouts!
The wall freezes the hobgoblin.
You kill the hobgoblin!
The hobgoblin misses you.
The wall freezes the orc.
The orc barely misses you.
The wall freezes something.
Something hits you.
* * * LOW HITPOINT WARNING * * *
Unknown command.
Unknown command.
Aiming: Freeze (safe; 1% risk of failure)
Press: ? - help, Q - select action Shift-Dir - straight line, f - hobgoblin
Aim: a hobgoblin You freeze the hobgoblin.
The hobgoblin is severely wounded.
The hobgoblin completely misses you.
The gnoll hits you from afar with a +0 halberd!
You die...

#.# #.# #.#
#.##### #.#
#.....# #.#
#####.#######
#.# #..>.......
#.# #.#.#######
#.# #.#.# ###
#.# ########.#.#
...
#.###@o...##.#.#
...
#...{ogo..'..#.#
...
#####..g..####.#
### #†....g....#
#.....####
#.....# #.....#
#.....# #.....#


You could see an orc wizard, 2 gnolls, 2 orcs and a hobgoblin.

Vanquished Creatures
  2 adders
  A gnoll (D:1)
  2 dart slugs
  4 bats
  4 endoplasms
  2 giant cockroaches (D:1)
  7 hobgoblins
  2 quokkas
  4 ball pythons
  4 frilled lizards
  4 goblins
  6 kobolds
  4 rats
46 creatures vanquished.

Notes
Turn   | Place    | Note
-------+----------+-------------------------------------------
     0 | D:1      | pkoi the Demigod Ice Elementalist began the quest for the
                  | Orb.
     0 | D:1      | Reached XP level 1. HP: 14/14 MP: 5/5
   411 | D:1      | Reached skill level 4 in Ice Magic
   501 | D:1      | Reached XP level 2. HP: 11/20 MP: 0/7
  1658 | D:1      | Reached XP level 3. HP: 14/26 MP: 2/8
  2420 | D:2      | You fall into a shaft and drop 1 floor!
  2420 | D:3      | Found Megerchiwk's Antique Weapon Shoppe.
  2425 | D:3      | Learned a level 3 spell: Frozen Ramparts
  2512 | D:2      | Reached skill level 5 in Ice Magic
  3548 | D:3      | Found a runed translucent gate.
  3549 | D:3      | Found a runed translucent gate.
  3694 | D:3      | Slain by a gnoll

Illustrated notes

Levels and vault maps discovered:
D:1:      psy_arrival_radial02, layout_basic, chequers_serial_rivers_large_a
D:2:      layout_loops_corners, chequers_ecumenical_altar_simple
D:3:      layout_basic, gammafunk_ghost_split, serial_shops, shop, uniq_grinder

Skill      XL: |  1  2  3 |
---------------+----------+-----
Ice Magic      | 4 5 |  5.2
Dodging        | |  1.7
Stealth        | |  1.7
Spellcasting   | |  1.7

Action                   || total
-------------------------++-------
Melee: Unarmed           ||     4
       Dagger            ||    13
 Cast: Freeze            ||    67
       Frozen Ramparts   ||     1
 Stab: Sleeping          ||     2
Armor: Robe              ||     8
Dodge: Dodged            ||    47
